AoeStats
← ersoy_f

Arabia

510547018Analyzed
1v1 RM · 2d ago on Oct 1, 2026· 60m 10s· 2 players
Game mode
Random Map
Map size
Tiny (2 player)
Population
200
Speed
Normal
Resources
Standard
Victory
Conquest
Starting age
Dark Age
Ending age
Imperial Age
RankedLock teamsTeams togetherTeam positionsShared explorationLock speedFull tech treeHidden civsTurbo modeCheats
Victory
Defeat
🇹🇷 Romans · Türkiye
750
+17
🇺🇸 Huns · United States
768
-17
ersoy_f
10:29 Feudal Age
11:02 Double-Bit Axe
11:49 Horse Collar
13:19 Man-at-Arms
14:13 Loom
17:16 Scale Mail Armor
18:19 Forging
23:27 Castle Age
21:30 Stone Mining
25:37 Bloodlines
25:27 Husbandry
25:39 Squires
28:20 Gold Mining
31:41 Padded Archer Armor
31:32 Fletching
33:24 Leather Archer Armor
33:08 Bodkin Arrow
34:11 Bow Saw
39:40 Imperial Age
39:43 Ballistas
39:20 Pikeman
43:19 Ballistics
43:51 Town Watch
49:17 Heavy Plow
51:45 Chemistry
52:12 Wheelbarrow
54:14 Conscription
54:20 Town Patrol
54:36 Hand Cart
Rhomduil8014
10:19 Feudal Age
10:52 Double-Bit Axe
14:15 Scale Barding Armor
15:52 Bloodlines
19:32 Fletching
20:00 Horse Collar
22:13 Gold Mining
26:51 Castle Age
27:13 Padded Archer Armor
27:35 Husbandry
27:48 Thumb Ring
34:23 Bow Saw
35:53 Bodkin Arrow
36:15 Leather Archer Armor
37:11 Ballistics
37:15 Chain Barding Armor
38:39 Wheelbarrow
37:50 Town Watch
44:39 Imperial Age
42:11 Town Patrol
44:35 Marauders
45:13 Cavalier
46:32 Parthian Tactics
45:28 Heavy Cavalry Archer
47:33 Chemistry
51:48 Paladin
53:10 Paladin
57:55 Light Cavalry
Connection lost

Rejoining the realm…

Still unreachable

The connection could not be restored.

Session expired

The server has moved on; the page needs a fresh start.